PAA
TACOMA FUR TRADERS @ NORTHVILLE ECLIPSE
08/30/2030
 
TOP OF THE 1ST
Tacoma Fur Traders batting - Pitching for Northville Eclipse : LHP Nobuhito Tanaka
Pitching: LHP Nobuhito Tanaka
Batting: RHB Roberto Aguirre 0-0: Foul Ball, location: 2F
0-1: Ball
1-1: Ball
2-1: Foul Ball, location: 2F
2-2: Ball
3-2: Strikes out swinging
Batting: RHB Jonathan Barnett 0-0: Ball
1-0: Called Strike
1-1: Ground out 5-3 (Groundball, 56)
Batting: RHB Gustavo González 0-0: Fly out, F8 (Flyball, 8RS)
Top of the 1st over - 0 runs, 0 hits, 0 errors, 0 left on base; Tacoma 0 - Northville 0
BOTTOM OF THE 1ST
Northville Eclipse batting - Pitching for Tacoma Fur Traders : LHP Domingo Montémayor
Pitching: LHP Domingo Montémayor
Batting: RHB Sidney Mackell 0-0: Foul Ball, location: 2F
0-1: Ball
1-1: Ball
2-1: Foul Ball, location: 2F
2-2: Strikes out looking
Batting: RHB Alfonso Grappasonni 0-0: Called Strike
0-1: Called Strike
0-2: Strikes out swinging
Batting: RHB Syed Sarkar 0-0: SINGLE (Line Drive, 7LS)
Batting: LHB Jorge Borbón 0-0: Called Strike
0-1: Ground out U3 (Groundball, 3)
Bottom of the 1st over - 0 runs, 1 hit, 0 errors, 1 left on base; Tacoma 0 - Northville 0
TOP OF THE 2ND
Tacoma Fur Traders batting - Pitching for Northville Eclipse : LHP Nobuhito Tanaka
Batting: RHB Jeremy Geertsen 0-0: Called Strike
0-1: Ball
1-1: Fly out, F3 (Popup, 3F)
Batting: RHB Jason Alston 0-0: Ground out 6-3 (Groundball, 6)
Batting: RHB Stan Wheeler 0-0: SINGLE (Line Drive, 9LS)
Batting: RHB David Tineo 0-0: Called Strike
0-1: Ball
1-1: Called Strike
1-2: Foul Ball, location: 2F
1-2: Foul Ball, location: 2F
1-2: Ball
2-2: Foul Ball, location: 2F
2-2: Foul Ball, location: 2F
2-2: Strikes out looking
Top of the 2nd over - 0 runs, 1 hit, 0 errors, 1 left on base; Tacoma 0 - Northville 0
BOTTOM OF THE 2ND
Northville Eclipse batting - Pitching for Tacoma Fur Traders : LHP Domingo Montémayor
Batting: RHB Luis Hernández 0-0: Ground out 5-3 (Groundball, 56S)
Batting: RHB Chang-lit Min 0-0: Ball
1-0: Foul Ball, location: 2F
1-1: Foul Ball, location: 2F
1-2: Foul Ball, location: 2F
1-2: Strikes out looking
Batting: LHB Octávio Ontiveros 0-0: Swinging Strike
0-1: Foul Ball, location: 2F
0-2: Ball
1-2: Strikes out swinging
Bottom of the 2nd over - 0 runs, 0 hits, 0 errors, 0 left on base; Tacoma 0 - Northville 0
TOP OF THE 3RD
Tacoma Fur Traders batting - Pitching for Northville Eclipse : LHP Nobuhito Tanaka
Batting: RHB Bill Perkins 0-0: Ball
1-0: Called Strike
1-1: Ground out 6-3 (Groundball, 56)
Batting: RHB Sherman N'Dir 0-0: Ball
1-0: Ball
2-0: Foul Ball, location: 2F
2-1: Swinging Strike
2-2: Fly out, F6 (Line Drive, 6)
Batting: RHB Roberto Aguirre 0-0: Ground out 5-3 (Groundball, 5S)
Top of the 3rd over - 0 runs, 0 hits, 0 errors, 0 left on base; Tacoma 0 - Northville 0
BOTTOM OF THE 3RD
Northville Eclipse batting - Pitching for Tacoma Fur Traders : LHP Domingo Montémayor
Batting: RHB Dave Shaw 0-0: Ball
1-0: Ground out 6-3 (Groundball, 6)
Batting: RHB John Townsend 0-0: Called Strike
0-1: SINGLE (Groundball, 34D)
Batting: RHB Sidney Mackell 0-0: Ball
1-0: Ball
2-0: Grounds into double play, 5-4-3 (Groundball, 56)
Bottom of the 3rd over - 0 runs, 1 hit, 0 errors, 0 left on base; Tacoma 0 - Northville 0
TOP OF THE 4TH
Tacoma Fur Traders batting - Pitching for Northville Eclipse : LHP Nobuhito Tanaka
Batting: RHB Jonathan Barnett 0-0: Foul Ball, location: 2F
0-1: Ball
1-1: Foul Ball, location: 2F
1-2: Foul Ball, location: 2F
1-2: Ball
2-2: Ground out 4-3 (Groundball, 4)
Batting: RHB Gustavo González 0-0: Ball
1-0: Fly out, F9 (Flyball, 9LSF)
Batting: RHB Jeremy Geertsen 0-0: Called Strike
0-1: Ball
1-1: Foul Ball, location: 2F
1-2: SINGLE (Line Drive, 6MD)
Batting: RHB Jason Alston Pickoff Throw to First - Out!
Top of the 4th over - 0 runs, 1 hit, 0 errors, 0 left on base; Tacoma 0 - Northville 0
BOTTOM OF THE 4TH
Northville Eclipse batting - Pitching for Tacoma Fur Traders : LHP Domingo Montémayor
Batting: RHB Alfonso Grappasonni 0-0: Ball
1-0: Foul Ball, location: 2F
1-1: Swinging Strike
1-2: Foul Ball, location: 2F
1-2: Ball
2-2: Strikes out swinging
Batting: RHB Syed Sarkar 0-0: Ground out 5-3 (Groundball, 56S)
Batting: LHB Jorge Borbón 0-0: Ball
1-0: Called Strike
1-1: Swinging Strike
1-2: Ball
2-2: Foul Ball, location: 2F
2-2: Ball
3-2: Strikes out swinging
Bottom of the 4th over - 0 runs, 0 hits, 0 errors, 0 left on base; Tacoma 0 - Northville 0
TOP OF THE 5TH
Tacoma Fur Traders batting - Pitching for Northville Eclipse : LHP Nobuhito Tanaka
Batting: RHB Jason Alston 0-0: Ball
1-0: Fly out, F6 (Line Drive, 6)
Batting: RHB Stan Wheeler 0-0: Ball
1-0: Ground out 6-3 (Groundball, 6)
Batting: RHB David Tineo 0-0: Called Strike
0-1: Ball
1-1: Foul Ball, location: 2F
1-2: Ball
2-2: Ball
3-2: Foul Ball, location: 2F
3-2: Strikes out looking
Top of the 5th over - 0 runs, 0 hits, 0 errors, 0 left on base; Tacoma 0 - Northville 0
BOTTOM OF THE 5TH
Northville Eclipse batting - Pitching for Tacoma Fur Traders : LHP Domingo Montémayor
Batting: RHB Luis Hernández 0-0: Swinging Strike
0-1: Called Strike
0-2: Fly out, F7 (Flyball, 7S)
Batting: RHB Chang-lit Min 0-0: Foul Ball, location: 2F
0-1: Ball
1-1: Called Strike
1-2: Ball
2-2: Foul Ball, location: 2F
2-2: Foul Ball, location: 2F
2-2: Foul Ball, location: 2F
2-2: Foul Ball, location: 2F
2-2: Foul Ball, location: 2F
2-2: Ground out 4-3 (Groundball, 34)
Batting: LHB Octávio Ontiveros 0-0: Ball
1-0: DOUBLE (Line Drive, 8LD)
Batting: RHB Dave Shaw 0-0: Called Strike
0-1: Called Strike
0-2: SINGLE (Groundball, 4D)
Octávio Ontiveros to third
Runner from 3rd tries for Home, throw and OUT!
Bottom of the 5th over - 0 runs, 2 hits, 0 errors, 1 left on base; Tacoma 0 - Northville 0
TOP OF THE 6TH
Tacoma Fur Traders batting - Pitching for Northville Eclipse : LHP Nobuhito Tanaka
Batting: RHB Bill Perkins 0-0: Ball
1-0: Ball
2-0: Called Strike
2-1: Foul Ball, location: 2F
2-2: Strikes out looking
Batting: RHB Sherman N'Dir 0-0: Swinging Strike
0-1: Foul Ball, location: 2F
0-2: Ball
1-2: Strikes out swinging
Batting: RHB Roberto Aguirre 0-0: Ground out 5-3 (Groundball, 56)
Top of the 6th over - 0 runs, 0 hits, 0 errors, 0 left on base; Tacoma 0 - Northville 0
BOTTOM OF THE 6TH
Northville Eclipse batting - Pitching for Tacoma Fur Traders : LHP Domingo Montémayor
Batting: RHB John Townsend 0-0: Ground out 2-3 (Groundball, 2R)
Pitching: RHP Jeff Pearce
Batting: RHB Sidney Mackell 0-0: Swinging Strike
0-1: Foul Ball, location: 2F
0-2: Ball
1-2: Strikes out swinging
Batting: RHB Alfonso Grappasonni 0-0: Ball
1-0: Ball
2-0: Called Strike
2-1: Called Strike
2-2: Ground out 6-3 (Groundball, 56)
Bottom of the 6th over - 0 runs, 0 hits, 0 errors, 0 left on base; Tacoma 0 - Northville 0
TOP OF THE 7TH
Tacoma Fur Traders batting - Pitching for Northville Eclipse : LHP Nobuhito Tanaka
Batting: RHB Jonathan Barnett 0-0: Ball
1-0: Called Strike
1-1: Foul Ball, location: 2F
1-2: Ground out 4-3 (Groundball, 4)
Batting: RHB Gustavo González 0-0: Ball
1-0: Called Strike
1-1: Foul Ball, location: 2F
1-2: Ball
2-2: Ball
3-2: Strikes out looking
Batting: RHB Jeremy Geertsen 0-0: Foul Ball, location: 2F
0-1: Swinging Strike
0-2: Ball
1-2: Strikes out looking
Top of the 7th over - 0 runs, 0 hits, 0 errors, 0 left on base; Tacoma 0 - Northville 0
BOTTOM OF THE 7TH
Northville Eclipse batting - Pitching for Tacoma Fur Traders : RHP Jeff Pearce
Batting: RHB Syed Sarkar 0-0: Foul Ball, location: 2F
0-1: Foul Ball, location: 2F
0-2: Fly out, F8 (Flyball, 89M)
Batting: LHB Jorge Borbón 0-0: Ball
1-0: Called Strike
1-1: SOLO HOME RUN (Flyball, 9LD), Distance : 358 ft
Batting: RHB Luis Hernández 0-0: Swinging Strike
0-1: Swinging Strike
0-2: Ball
1-2: Foul Ball, location: 2F
1-2: Foul Ball, location: 2F
1-2: Ball
2-2: Ground out 1-3 (Groundball, 13S)
Batting: RHB Chang-lit Min 0-0: Foul Ball, location: 2F
0-1: Ball
1-1: Swinging Strike
1-2: Strikes out swinging
Bottom of the 7th over - 1 run, 1 hit, 0 errors, 0 left on base; Tacoma 0 - Northville 1
TOP OF THE 8TH
Tacoma Fur Traders batting - Pitching for Northville Eclipse : RHP Sonny Rubalcaba
Pitching: RHP Sonny Rubalcaba
Batting: RHB Jason Alston 0-0: Called Strike
0-1: Ball
1-1: Ball
2-1: Ball
3-1: Foul Ball, location: 2F
3-2: Strikes out swinging
Batting: RHB Stan Wheeler 0-0: SINGLE (Flyball, 8LM) - OUT at second base trying to stretch hit.
Batting: RHB David Tineo 0-0: Called Strike
0-1: Ball
1-1: Called Strike
1-2: Ball
2-2: Ball
3-2: Strikes out swinging
Top of the 8th over - 0 runs, 1 hit, 0 errors, 0 left on base; Tacoma 0 - Northville 1
BOTTOM OF THE 8TH
Northville Eclipse batting - Pitching for Tacoma Fur Traders : RHP Jeff Pearce
Batting: LHB Octávio Ontiveros 0-0: Called Strike
0-1: Swinging Strike
0-2: Ball
1-2: Strikes out swinging
Batting: RHB Dave Shaw 0-0: Called Strike
0-1: Foul Ball, location: 2F
0-2: Ball
1-2: SINGLE (Groundball, 6D)
Batting: RHB John Townsend 0-0: Called Strike
0-1: Swinging Strike
0-2: Foul Ball, location: 2F
0-2: Foul Ball, location: 2F
0-2: Ball
1-2: Ball
2-2: Strikes out swinging
Pinch Hitting: LHB Arturo Gonzáles 0-0: Ball
1-0: Swinging Strike
1-1: Ball
2-1: Ball
3-1: Called Strike
3-2: Ground out 5-3 (Groundball, 56S)
Bottom of the 8th over - 0 runs, 1 hit, 0 errors, 1 left on base; Tacoma 0 - Northville 1
TOP OF THE 9TH
Tacoma Fur Traders batting - Pitching for Northville Eclipse : RHP Sonny Rubalcaba
Pitching: RHP Javier Luna
Now in CF: Arturo Gonzáles
Batting: RHB Bill Perkins 0-0: Ball
1-0: SINGLE (Flyball, 7LS)
Batting: RHB Sherman N'Dir 0-0: Bunted foul
0-1: Sac Bunt - play at first, batter OUT! 5-4
Bill Perkins to second
Batting: RHB Roberto Aguirre 0-0: Foul Ball, location: 2F
0-1: Ball
1-1: Foul Ball, location: 2F
1-2: SINGLE (Groundball, 6) (infield hit)
Bill Perkins to third
Batting: RHB Jonathan Barnett 0-0: Called Strike
0-1: Ball
1-1: Ball
2-1: Ball
3-1: Fly out, F7 (Flyball, 7)
Runner from 3rd tags up, SCORES, throw made
Batting: RHB Gustavo González 0-0: Called Strike
0-1: Ground out 4-3 (Groundball, 34)
Top of the 9th over - 1 run, 2 hits, 0 errors, 1 left on base; Tacoma 1 - Northville 1
BOTTOM OF THE 9TH
Northville Eclipse batting - Pitching for Tacoma Fur Traders : RHP Jeff Pearce
Batting: RHB Alfonso Grappasonni 0-0: Called Strike
0-1: Called Strike
0-2: Fly out, F1 (Line Drive, 15)
Batting: RHB Syed Sarkar 0-0: Ball
1-0: Foul Ball, location: 2F
1-1: Swinging Strike
1-2: Strikes out swinging
Batting: LHB Jorge Borbón 0-0: Fly out, F7 (Flyball, 78XD)
Bottom of the 9th over - 0 runs, 0 hits, 0 errors, 0 left on base; Tacoma 1 - Northville 1
TOP OF THE 10TH
Tacoma Fur Traders batting - Pitching for Northville Eclipse : RHP Javier Luna
Batting: RHB Jeremy Geertsen 0-0: Called Strike
0-1: Ball
1-1: Foul Ball, location: 2F
1-2: Ball
2-2: Fly out, F8 (Flyball, 8LM)
Batting: RHB Jason Alston 0-0: Called Strike
0-1: Ball
1-1: Foul Ball, location: 2F
1-2: Foul Ball, location: 2F
1-2: Foul Ball, location: 2F
1-2: Foul Ball, location: 2F
1-2: TRIPLE (Line Drive, 78XD)
Batting: RHB Stan Wheeler 0-0: Called Strike
0-1: Foul Ball, location: 2F
0-2: Strikes out swinging
Batting: RHB David Tineo 0-0: Ball
1-0: Ball
2-0: SINGLE (Line Drive, 7S)
Jason Alston scores
Batting: RHB Bill Perkins 0-0: Ball
1-0: Foul Ball, location: 2F
1-1: Foul Ball, location: 2F
1-2: Strikes out swinging
Top of the 10th over - 1 run, 2 hits, 0 errors, 1 left on base; Tacoma 2 - Northville 1
BOTTOM OF THE 10TH
Northville Eclipse batting - Pitching for Tacoma Fur Traders : RHP Jeff Pearce
Pitching: LHP Daniel Ryan
Batting: RHB Luis Hernández 0-0: SINGLE (Groundball, 56D)
Batting: RHB Chang-lit Min 0-0: Ball
1-0: Bunted foul
1-1: Ball
2-1: Sac Bunt - play at first, batter OUT! 5-4
Luis Hernández to second
Batting: LHB Octávio Ontiveros 0-0: Called Strike
0-1: Called Strike
0-2: Strikes out swinging
Batting: RHB Dave Shaw 0-0: Called Strike
0-1: Ball
1-1: Foul Ball, location: 2F
1-2: Ground out U3 (Groundball, 34)
Bottom of the 10th over - 0 runs, 1 hit, 0 errors, 1 left on base; Tacoma 2 - Northville 1
Sunday, March 18th, 2018 - OOTP Baseball 18.8 Build 76